 Dungeon Crawl Stone Soup version 0.31.0-11-ge490571c62 (webtiles) character file.

Game seed: 13702145869205292777

31 Gadfly the Ruffian (level 3, 4/26 HPs)
             Began as a Demonspawn Shapeshifter on Jan 27, 2024.
             Quit the game on level 4 of the Dungeon.
             The game lasted 00:01:37 (975 turns).

Gadfly the Ruffian (Demonspawn Shapeshifter)         Turns: 975, Time: 00:01:37

Health: 4/26       AC:  2    Str: 16    XL:     3   Next: 7%
Magic:  3/3        EV: 12    Int: 10    God:
Gold:   101        SH:  4    Dex: 12    Spells: 2/2 levels left

rFire   . .          .
                       - Unarmed
rCold   . . .        (no shield)
rNeg    . . .        a - +0 animal skin
rPois   .            (helmet currently unavailable)
rElec   .            (cloak currently unavailable)
rCorr   +            (gloves currently unavailable)
SInv    .            f - melded +0 pair of boots
Will    .....        (no amulet)
Stlth   +            j - ring of resist corrosion
HPRegen 0.24/turn    (no ring)
MPRegen 0.08/turn

%: no passive effects
@: beast-form
A: beast (slay +1), condensation shield, demonic magic 1
a: Begin Untransformation


You were on level 4 of the Dungeon.
You were a hulking beast.
You visited 1 branch of the dungeon, and saw 3 of its levels.

You collected 101 gold pieces.

Inventory:

Armour
 a - a +0 animal skin (worn)
 f - a +0 pair of boots (melded)
Jewellery
 i - the ring of Ruoviaps {rPois rF+ Will- Str+2 SInv}
   (You found it on level 2 of the Dungeon)

   [ring of protection from fire]

   Str+2:     It affects your strength (+2).
   rF+:       It protects you from fire.
   rPois:     It protects you from poison Will-: It decreases your willpower.
   SInv:      It lets you see invisible.
 j - a ring of resist corrosion (left hand)
Talismans
 c - a beast talisman (active)
 d - a flux talisman
Scrolls
 h - a scroll of teleportation
 m - a scroll of blinking
Potions
 b - 2 potions of lignification
 g - a potion of ambrosia
 k - a potion of resistance
 l - a potion of might
 n - a potion of enlightenment {unknown}
 o - a potion of degeneration {unknown}


   Skills:
 + Level 1.5 Fighting
 * Level 2.2 Dodging
 + Level 2.9 Unarmed Combat
 * Level 1.2 Evocations
 + Level 2.8 Shapeshifting


You had 2 spell levels left.
You didn't know any spells.
Your spell library was empty.

Dungeon Overview and Level Annotations

Branches:
Dungeon (2/15)

Altars:


Innate Abilities, Weirdness & Mutations

You are a hulking beast.
Your limbs bulge with bestial killing power. (Slay +1)
A meltable shield of frost defends you. (SH +4)
Spells you cast may paralyse adjacent enemies.


Message History

Your experience leads to an increase in your attributes!
Increase (S)trength, (I)ntelligence, or (D)exterity?
You feel stronger. x2; Your demonic ancestry asserts itself...
A menacing aura infuses your magic.
You hit the orc.
The orc is heavily wounded.
The orc misses you.
You hit the orc but do no damage.
The orc is heavily wounded.
The orc hits you with a +0 trident.
You are too injured to fight recklessly!
You are too injured to fight recklessly!
You are too injured to fight recklessly!
You are too injured to fight recklessly!
You are too injured to fight recklessly!
You are too injured to fight recklessly!
You are too injured to fight recklessly!
You are too injured to fight recklessly!
You are too injured to fight recklessly!
You are too injured to fight recklessly!
You are too injured to fight recklessly!
You are too injured to fight recklessly!
You are too injured to fight recklessly!
You are too injured to fight recklessly!
You are too injured to fight recklessly!
You are too injured to fight recklessly!
You are too injured to fight recklessly!
You are too injured to fight recklessly!
You hit the orc but do no damage.
The orc is heavily wounded.
The orc hits you with a +0 trident!
* * * LOW HITPOINT WARNING * * *
You hit the orc but do no damage.
The orc is heavily wounded.
You block the orc's attack.
You hit the orc.
You kill the orc!
Things that are here:
a +0 trident; a +0 scale mail; an orc corpse Are you sure you want to abandon this character and quit the game? (Confirm with "yes".)

#...... #......
#.....#
##.....##
....b..# .....
. #..###### .(
##.b##bb.###...
#.hbbbbbb.....
#..bbbb.b.....
#..bbbbbb##..#
######bbb# .#
#bbb##..#
#.b.'b..+
+.bb#...#
#...##..# #...#
..#


There were no monsters in sight!

Vanquished Creatures
  3 orcs (D:4)
  3 bats (D:2)
  An endoplasm (D:1)
  2 giant cockroaches (D:2)
  2 goblins (D:1)
  2 hobgoblins (D:1)
  3 jackals (D:2)
  2 kobolds
  A ball python (D:2)
  3 frilled lizards (D:2)
  3 rats (D:1)
25 creatures vanquished.

Notes
Turn   | Place    | Note
-------+----------+-------------------------------------------
     0 | D:1      | Gadfly the Demonspawn Shapeshifter began the quest for the
                  | Orb.
     0 | D:1      | Reached XP level 1. HP: 15/15 MP: 1/1
   187 | D:1      | Gained mutation: A meltable shield of frost defends you.
                  | (SH +4) [demonic ancestry]
   187 | D:1      | Reached XP level 2. HP: 19/21 MP: 2/2
   635 | D:2      | Identified the ring of Ruoviaps {rPois rF+ Will- Str+2
                  | SInv}
   786 | D:2      | Reached skill level 1 in Evocations
   943 | D:2      | You fall into a shaft and drop 2 floors!
   968 | D:4      | Gained mutation: Spells you cast may paralyse adjacent
                  | enemies. [demonic ancestry]
   968 | D:4      | Reached XP level 3. HP: 15/26 MP: 3/3
   975 | D:4      | Quit the game

Illustrated notes

Levels and vault maps discovered:
D:1:      scummos_arrival_forest, layout_rooms
D:2:      layout_loops_cross, shapermc_ecumenical_altar_hornbeckon
D:4:      layout_gridville, minivault_24, uniq_blork_the_orc, uniq_natasha

Skill      XL: |  1  2 |
---------------+-------+-----
Dodging        | 2 |  2.2
Evocations     | 1 |  1.2
Fighting       | |  1.5
Unarmed Combat | |  2.9
Shapeshifting  | |  2.8

Action                     || total
---------------------------++-------
  Melee: Unarmed           ||    86
         Punch             ||     1
Ability: Begin Untransform ||     1
    Use: Scroll            ||    11
 Armour: Animal skin       ||    41
  Dodge: Dodged            ||    48
  Block: Other             ||    12
   Form: Beast             ||     1
